Map: Королевская бухта РВ

Players

BuRning - Winner!

  • Race: Terran Terran
  • Spawn Location: 11:00

PappiJoe

  • Race: Protoss Protoss
  • Spawn Location: 5:00

Event: 2019 WCS Summer

VOD

Have the link to the VOD?

Description

Time

  • Played on: July 12, 2019, 7:36 a.m.
  • Length: 24:36

All games in this series

Show
View Real Time Build Order
Export as new Build Order

BuRning Terran - Winner!

Build Orders: Cyclone Opening 

Get SALT Encoding   

  12  0:00  SCV  
  13  0:12  SCV  
  14  0:18  Supply Depot  
  14  0:25  SCV  
  15  0:39  SCV  
  15  0:40  Barracks  
  16  0:46  Refinery  
  16  0:51  SCV  
  16  0:57  Refinery  
  17  1:03  SCV  
  18  1:17  SCV  
  19  1:27  Reaper  
  19  1:29  Orbital Command  
  20  1:33  Supply Depot  
  20  1:47  Factory  
  20  1:55  SCV  
  21  2:07  SCV  
  22  2:19  SCV  
  22  2:20  Barracks Reactor  
  23  2:30  Factory Tech Lab  
  23  2:32  Command Center  
  23  2:34  SCV  
  24  2:44  Starport  
  24  2:47  SCV  
  24  2:50  Cyclone  
  28  2:57  Supply Depot  
  28  3:01  Marine  
  28  3:03  Marine  
  30  3:07  SCV  
  31  3:19  SCV  
  31  3:23  Starport Tech Lab, Marine x2  
  36  3:27  Siege Tank  
  36  3:33  SCV  
  37  3:42  Cloaking Field  
  37  3:45  SCV  
  38  3:50  Marine x2  
  38  3:52  Refinery  
  38  3:55  Banshee  
  43  3:57  SCV  
  44  4:04  Orbital Command  
  44  4:09  SCV  
  45  4:10  Marine  
  46  4:17  Siege Tank  
  46  4:19  Marine  
  50  4:25  SCV, Supply Depot  
  50  4:31  SCV  
  52  4:37  SCV  
  53  4:43  SCV  
  54  4:46  Raven  
  54  4:47  Supply Depot  
  54  4:48  Marine x2  
  54  4:49  SCV  
  59  4:55  SCV  
  60  5:01  SCV  
  61  5:07  SCV  
  61  5:08  Siege Tank  
  61  5:11  Supply Depot  
  61  5:12  Marine x2  
  61  5:13  SCV  
  68  5:19  Command Center  
  68  5:21  SCV  
  69  5:25  SCV  
  70  5:34  SCV  
  71  5:37  Barracks  
  71  5:39  Barracks  
  71  5:40  SCV  
  71  5:41  Marine, Engineering Bay  
  73  5:43  Stimpack  
  73  5:46  Starport Reactor  
  73  5:49  SCV  
  74  5:54  Factory Reactor  
  74  5:56  SCV, Supply Depot  
  75  6:01  Refinery, SCV  
  75  6:02  Marine  
  77  6:07  Bunker  
  77  6:08  SCV, Terran Infantry Weapons Level 1  
  77  6:09  Supply Depot  
  78  6:18  SCV  
  79  6:20  SCV, Supply Depot  
  79  6:24  Marine  
  81  6:26  Marine  
  81  6:28  Medivac x2  
  81  6:31  SCV  
  81  6:32  Orbital Command  
  87  6:36  Marine  
  87  6:37  Marauder  
  87  6:39  Widow Mine x2  
  93  6:42  Marine  
  93  6:44  SCV  
  95  6:48  Barracks  
  95  6:50  Barracks  
  95  6:52  Orbital Command, SCV  
  96  7:00  SCV  
  98  7:03  Engineering Bay  
  98  7:04  SCV  
  98  7:05  Marine x2, Armory  
  98  7:06  Marauder, Missile Turret  
  102  7:12  SCV  
  105  7:15  Marauder  
  105  7:16  Widow Mine x2, SCV, Medivac  
  105  7:19  Supply Depot  
  112  7:23  SCV  
  112  7:24  SCV  
  112  7:28  SCV  
  115  7:30  Supply Depot  
  115  7:32  Marine x2  
  117  7:38  Supply Depot  
  117  7:40  SCV x3  
  117  7:41  Marauder x2  
  117  7:42  Barracks Tech Lab  
  117  7:43  Barracks Reactor  
  124  7:49  Terran Infantry Armor Level 1  
  124  7:50  Supply Depot  
  124  7:52  SCV x2  
  124  7:54  Supply Depot  
  124  7:56  SCV  
  127  8:00  Supply Depot  
  127  8:03  Marine x2  
  127  8:04  Marauder, Marine, SCV  
  127  8:05  Marauder  
  135  8:11  Starport  
  135  8:13  SCV  
  135  8:14  SCV  
  135  8:15  Terran Infantry Weapons Level 2  
  135  8:17  SCV  
  135  8:18  Supply Depot  
  137  8:25  Refinery, SCV  
  137  8:26  SCV  
  139  8:27  Refinery, Command Center, Supply Depot  
  139  8:30  SCV  
  139  8:35  Marauder, Marine x2  
  139  8:38  Supply Depot  
  139  8:39  Supply Depot  
  143  8:43  SCV  
  143  8:46  Marauder x2, Viking, Marine x2  
  152  8:52  Viking x2  
  152  8:53  Viking  
  154  9:06  Liberator  
  154  9:07  Liberator x2  
  154  9:08  Marine x3  
  154  9:09  Marauder x3  
  157  9:13  Ghost Academy  
  157  9:15  Supply Depot  
  157  9:16  Liberator  
  157  9:20  Missile Turret  
  157  9:21  Missile Turret  
  157  9:22  Terran Ship Weapons Level 1  
  163  9:25  Marine  
  163  9:26  Missile Turret  
  165  9:34  Marauder x2, Marine x3  
  165  9:35  Concussive Shells  
  165  9:36  Combat Shield  
  175  9:44  SCV x3  
  178  9:47  Ghost  
  178  9:52  Missile Turret  
  180  9:56  SCV x2  
  182  10:01  Command Center  
  182  10:02  Planetary Fortress  
  182  10:10  Liberator x2  
  182  10:12  Starport, Missile Turret  
  182  10:13  Fusion Core  
  182  10:15  Refinery, SCV  
  182  10:17  Refinery, SCV  
  184  10:28  Marine x3  
  190  10:29  Marauder  
  195  10:42  Barracks  
  195  10:43  Barracks  
  195  10:48  Ghost x2  
  195  10:49  Starport Tech Lab  
  199  10:59  Command Center  
  199  11:02  Personal Cloaking  
  199  11:09  Sensor Tower  
  199  11:14  Advanced Ballistics  
  199  11:16  Terran Infantry Weapons Level 3  
  199  11:18  Orbital Command  
  199  11:19  Command Center  
  199  11:31  Barracks Tech Lab x2  
  199  11:42  Missile Turret  
  199  11:47  Missile Turret  
  199  11:49  Liberator x2  
  186  12:04  Liberator x3  
  186  12:06  Marine  
  186  12:07  Marauder x3, Marine  
  182  12:17  Command Center  
  182  12:22  Command Center  
  185  12:32  Liberator x2  
  185  12:33  Ghost x3  
  187  12:39  Refinery  
  187  12:40  Refinery  
  187  12:46  Command Center  
  187  12:47  Liberator  
  193  12:55  Terran Infantry Armor Level 2  
  193  12:59  Planetary Fortress  
  193  13:03  SCV x4  
  200  13:12  Missile Turret x2  
  200  13:17  Nuke  
  200  13:18  Ghost Academy  
  200  13:20  Ghost Academy x2  
  196  13:30  Terran Ship Weapons Level 2  
  196  13:37  Liberator  
  196  13:45  Marauder, Marine x2  
  200  13:51  Command Center  
  200  13:54  Command Center  
  198  14:02  Planetary Fortress  
  198  14:12  Viking x2  
  198  14:16  Nuke x3  
  199  14:23  Ghost x4  
  195  14:24  Ghost  
  195  14:25  Viking x2  
  196  14:32  Liberator  
  196  14:33  Liberator  
  196  14:36  Marine x4  
  196  14:37  Viking  
  199  14:52  Marauder x2, Marine  
  199  14:53  Marauder  
  199  14:54  Marine  
  199  15:03  Marauder, Marine x2  
  182  15:11  Marauder  
  182  15:13  Liberator  
  182  15:14  Liberator  
  173  15:17  Marine x2  
  173  15:18  Marauder  
  172  15:29  Marine x3  
  172  15:30  Marauder x2  
  172  15:34  SCV x3  
  188  15:43  Marauder x2, Marine x2  
  188  15:44  Planetary Fortress  
  188  15:47  Marine  
  188  15:48  Marauder  
  197  15:50  Terran Vehicle And Ship Armor Level 1  
  197  15:51  Neosteel Armor, Terran Infantry Armor Level 3  
  197  16:06  Marine  
  197  16:07  Marauder  
  200  16:12  Planetary Fortress  
  200  16:13  Refinery  
  200  16:16  Missile Turret  
  197  16:23  Viking  
  199  16:28  Nuke  
  198  16:52  Liberator x2  
  184  17:00  Marine x3  
  184  17:01  Marauder x2  
  167  17:04  Marine x2  
  167  17:05  Marauder x2  
  154  17:18  Marine x3  
  154  17:22  Marauder x2, Marine  
  149  17:23  Marauder  
  149  17:26  Marauder, Marine  
  149  17:28  Viking x3  
  147  17:31  Hi-Sec Auto Tracking  
  147  17:36  Marine x3  
  146  17:39  SCV  
  146  17:40  Marine  
  146  17:43  Marine  
  146  17:44  Marauder x3  
  155  17:46  Nuke x2  
  155  17:48  Marauder  
  140  17:52  Command Center x2  
  140  17:54  Marine x3, Medivac x2  
  140  17:58  Marine  
  146  18:02  Marauder  
  146  18:05  Marauder x2, Marine  
  153  18:09  Viking x2, Marauder  
  153  18:10  Viking  
  153  18:11  Marine x2  
  153  18:12  SCV x4  
  167  18:13  SCV x3  
  170  18:21  Starport  
  170  18:22  Starport  
  170  18:23  Marauder, Starport  
  170  18:26  Liberator x4  
  170  18:27  Liberator, Planetary Fortress  
  172  18:40  Ghost  
  172  18:41  Ghost x3  
  195  18:52  Missile Turret, Sensor Tower  
  195  18:55  Ghost  
  195  18:59  Starport Tech Lab  
  195  19:01  Weapon Refit  
  197  19:02  Starport Reactor  
  197  19:03  Starport Tech Lab  
  197  19:05  Orbital Command x2  
  197  19:09  Ghost  
  198  19:10  Marine x2  
  198  19:15  Refinery  
  198  19:16  Refinery  
  200  19:27  Missile Turret  
  200  19:31  Missile Turret  
  200  19:32  Terran Ship Weapons Level 3  
  200  19:39  Command Center  
  200  19:44  Command Center  
  200  19:56  Missile Turret  
  196  20:29  Ghost x3  
  196  20:30  Command Center  
  192  20:54  Marine  
  192  20:55  Marauder x2, Marine  
  200  20:57  Battlecruiser  
  200  20:59  Marine  
  200  21:00  Marauder x2, Marine  
  200  21:03  Viking, Medivac x2  
  200  21:09  Command Center  
  188  21:12  Marine x3  
  188  21:14  Battlecruiser  
  188  21:16  Marauder  
  188  21:17  Marauder  
  185  21:33  Marine x2  
  185  21:34  Marauder x2  
  185  21:35  Nuke x4  
  191  21:41  Marine x3  
  191  21:42  Marauder x2  
  191  21:45  Planetary Fortress  
  155  21:54  Viking x2  
  155  21:55  Viking x3, Marauder, Ghost, Battlecruiser  
  155  21:59  Ghost  
  183  22:01  Battlecruiser  
  183  22:02  Ghost  
  183  22:05  Orbital Command  
  185  22:13  Ghost  
  187  22:16  Ghost  
  187  22:18  Battlecruiser, Starport  
  187  22:20  Starport  
  195  22:23  Orbital Command, Ghost  
  195  22:27  Ghost  
  199  22:31  Planetary Fortress  
  199  22:34  Command Center  
  199  22:35  Command Center  
  199  22:42  Missile Turret  
  199  22:50  Marine  
  198  23:26  Missile Turret  
  198  23:27  Missile Turret  
  198  23:31  Marine x2  
  198  24:06  Orbital Command x2  
  196  24:10  Command Center  
  196  24:12  Command Center  
  196  24:13  Command Center  
Show
View Real Time Build Order
Export as new Build Order

PappiJoe Protoss 

Build Orders: Colossus Rush 

Get SALT Encoding   

  12  0:00  Probe  
  13  0:13  Probe  
  14  0:19  Pylon  
  14  0:25  Probe  
  15  0:34  Probe  
  15  0:39  Gateway  
  16  0:42  Probe  
  17  0:50  Assimilator  
  17  0:51  Probe  
  18  1:03  Probe  
  19  1:15  Probe  
  20  1:26  Cybernetics Core  
  20  1:34  Probe  
  20  1:37  Assimilator  
  20  1:38  Pylon  
  23  1:56  Probe  
  24  2:02  Stalker  
  24  2:03  Nexus  
  24  2:08  Warp Gate  
  24  2:11  Probe  
  24  2:23  Probe  
  24  2:26  Shield Battery  
  25  2:34  Stalker  
  25  2:35  Probe  
  28  2:47  Probe  
  28  2:49  Pylon  
  29  2:52  Robotics Facility  
  29  2:59  Probe  
  30  3:07  Stalker  
  30  3:11  Probe  
  33  3:15  Probe  
  34  3:23  Gateway  
  34  3:27  Gateway  
  34  3:31  Probe x2  
  34  3:32  Observer  
  37  3:43  Probe  
  37  3:44  Probe  
  39  3:50  Observer  
  39  3:57  Probe, Pylon  
  39  3:59  Probe  
  39  4:00  Robotics Bay  
  41  4:05  Probe  
  41  4:07  Probe  
  41  4:08  Assimilator  
  41  4:09  Immortal  
  42  4:16  Probe  
  47  4:19  Probe  
  49  4:28  Probe  
  49  4:29  Assimilator  
  50  4:33  Probe  
  51  4:40  Probe, Twilight Council  
  51  4:44  Shield Battery  
  52  4:46  Probe, Shield Battery  
  52  4:50  Observer  
  52  4:51  Colossus  
  53  5:03  Probe x2  
  61  5:09  Pylon  
  61  5:15  Probe  
  61  5:19  Pylon  
  61  5:20  Pylon  
  62  5:25  Charge  
  62  5:27  Probe x2  
  64  5:28  Pylon  
  64  5:31  Extended Thermal Lance  
  64  5:35  Colossus  
  63  5:48  Probe  
  70  5:50  Pylon  
  70  5:58  Sentry  
  70  6:01  Nexus  
  72  6:12  Stalker x2  
  75  6:20  Probe  
  75  6:21  Probe  
  75  6:25  Gateway x2  
  77  6:30  Zealot  
  79  6:33  Probe x2  
  79  6:38  Phoenix  
  79  6:39  Zealot x2  
  85  6:45  Probe  
  86  6:47  Gateway  
  86  6:51  Colossus  
  86  6:56  Sentry  
  86  7:01  Gateway  
  86  7:08  Shield Battery  
  92  7:11  Zealot x2  
  96  7:17  Pylon  
  96  7:19  Probe  
  96  7:20  Probe x2  
  98  7:32  Probe x3  
  100  7:38  Forge  
  100  7:39  Forge  
  100  7:44  Probe x2  
  102  7:45  Warp Prism  
  102  7:50  Probe  
  105  7:53  Assimilator  
  105  7:54  Assimilator  
  105  7:56  Probe x2  
  106  7:58  Templar Archives  
  106  8:04  Probe  
  107  8:06  Pylon  
  107  8:07  Blink, Protoss Ground Armor Level 1  
  107  8:08  Probe, Protoss Ground Weapons Level 1  
  107  8:10  Pylon  
  108  8:25  Probe x2, Immortal  
  114  8:31  Phoenix  
  114  8:35  Probe  
  114  8:40  High Templar x5  
  123  8:42  Zealot x2  
  123  8:44  Pylon  
  127  8:48  Pylon  
  127  8:52  Phoenix  
  127  8:56  Nexus  
  127  9:03  Stalker  
  127  9:06  Probe x2  
  127  9:07  Stalker  
  127  9:09  Probe  
  129  9:18  Probe x2  
  129  9:21  Probe  
  129  9:22  Pylon  
  129  9:23  Immortal  
  136  9:25  Assimilator  
  136  9:26  Stalker  
  136  9:30  Probe, Assimilator  
  136  9:31  Probe  
  140  9:34  Probe  
  141  9:38  Pylon  
  141  9:42  Probe, Gateway  
  141  9:45  Gateway  
  142  9:51  Probe, Protoss Ground Weapons Level 2  
  142  9:52  Protoss Ground Armor Level 2, Probe  
  144  9:54  Probe  
  145  10:04  Immortal  
  145  10:06  Probe x3  
  150  10:07  High Templar x4  
  150  10:12  Gateway  
  158  10:16  Archon x2  
  158  10:18  Stalker x3  
  164  10:24  Pylon  
  164  10:33  Pylon  
  164  10:34  Pylon  
  164  10:35  Probe  
  164  10:36  Probe x2  
  164  10:38  Stalker  
  164  10:40  Observer  
  170  10:50  Photon Cannon  
  170  10:54  Warp Prism  
  162  11:04  High Templar x2  
  166  11:05  Stalker, Nexus  
  166  11:06  Stalker, Zealot x2, Pylon  
  166  11:07  High Templar x2  
  178  11:11  Archon  
  178  11:28  High Templar x2  
  178  11:29  Zealot x4  
  190  11:34  Observer  
  189  11:40  Stalker x3  
  189  11:41  Stalker  
  195  11:55  Archon  
  177  12:05  Colossus  
  129  12:09  Stalker x3  
  129  12:10  Zealot x2, High Templar x4  
  129  12:11  Zealot  
  129  12:13  Psionic Storm  
  141  12:31  Archon x2  
  141  12:32  Archon  
  135  12:38  Probe x2  
  135  12:40  Probe x3  
  135  12:41  Assimilator  
  140  12:44  Assimilator  
  140  12:48  Protoss Ground Armor Level 3  
  140  12:50  Photon Cannon, Probe x2  
  142  12:52  Probe  
  142  12:53  High Templar x2  
  142  12:54  Zealot x5  
  142  12:55  Zealot x3  
  163  13:00  Pylon  
  163  13:09  Pylon  
  163  13:12  Stargate  
  161  13:15  Stalker x4, High Templar  
  161  13:16  Stalker  
  172  13:21  Zealot  
  172  13:22  Zealot  
  172  13:25  Zealot x2  
  180  13:34  Pylon  
  180  13:41  Stalker  
  180  13:42  Stalker x2  
  180  13:43  Stalker x2  
  180  13:44  Probe x2  
  180  13:45  High Templar x2  
  180  13:46  Stalker x2  
  188  14:01  Stalker  
  186  14:06  Stalker x3  
  186  14:07  Phoenix  
  188  14:23  Fleet Beacon  
  187  14:25  Stargate  
  187  14:31  Zealot x4  
  187  14:32  Zealot x2  
  193  14:50  High Templar x2  
  193  14:51  Stalker x2  
  179  14:55  Zealot x6  
  149  15:13  Phoenix  
  137  15:15  Zealot x4  
  137  15:16  Zealot x4  
  137  15:18  Archon  
  146  15:23  Probe  
  146  15:24  Probe x2  
  146  15:25  Probe x2  
  130  15:30  High Templar x2  
  134  15:35  Probe  
  134  15:36  Probe  
  138  15:49  High Templar x3  
  142  15:50  Warp Prism  
  142  15:51  Probe x2  
  142  15:52  Probe  
  142  15:55  Probe  
  142  15:56  Protoss Shields Level 1  
  144  16:03  Protoss Ground Weapons Level 3  
  146  16:06  Tempest x2  
  156  16:13  Pylon  
  156  16:14  Probe  
  156  16:15  Probe  
  158  16:19  Stalker  
  158  16:20  Stalker  
  158  16:23  Probe x2  
  164  16:33  Nexus  
  162  16:40  High Templar  
  162  16:45  Colossus, Robotics Facility  
  169  16:47  Stalker x2  
  169  16:48  Stalker x2  
  157  16:58  Zealot x5  
  125  17:14  Zealot  
  125  17:15  Zealot x4  
  123  17:21  Zealot x5  
  95  17:24  Probe x2  
  95  17:27  Zealot  
  71  17:40  Stalker x5  
  71  17:41  Zealot x2  
  71  17:42  Zealot  
  74  17:50  High Templar x2  
  62  18:01  High Templar x2  
  62  18:02  High Templar  
  62  18:03  High Templar x5  
  78  18:07  Observer  
  78  18:12  Archon  
  78  18:16  Probe x2  
  78  18:17  Probe x2  
  83  18:25  High Templar x2  
  87  18:28  Disruptor  
  87  18:31  Archon  
  87  18:34  Disruptor  
  90  18:36  Probe x3  
  90  18:37  Probe  
  97  18:43  Probe  
  97  18:48  Stalker, Probe  
  101  18:50  Stalker  
  103  18:57  Assimilator  
  103  19:08  Probe x3  
  106  19:11  Disruptor, Tempest x2  
  119  19:27  Stalker x2  
  123  19:32  Probe  
  124  19:43  Nexus  
  124  19:45  Pylon  
  124  19:47  Disruptor  
  127  19:57  Tempest  
  131  20:04  Observer  
  132  20:20  Pylon  
  130  20:21  Tempest  
  135  20:32  Observer  
  134  20:37  Probe x2  
  134  20:40  Tempest  
  135  20:42  Nexus  
  135  20:43  Probe x3  
  135  20:47  Pylon  
  94  21:05  Stalker  
  94  21:06  Stalker x2, Zealot x4  
  89  21:16  High Templar x2  
  89  21:17  High Templar  
  87  21:31  Zealot x5  
  87  21:32  Zealot x2  
  78  21:56  Assimilator  
  78  21:59  Assimilator  
  74  22:02  High Templar x4  
  74  22:05  Nexus  
  78  22:19  Pylon  
  78  22:23  Stalker x3  
  84  22:34  High Templar  
  86  22:38  Photon Cannon  
  87  22:44  Observer x2  
  87  22:51  Probe x2  
  89  22:52  Assimilator  
  89  23:04  Nexus  
  89  23:06  Pylon  
  88  23:13  Zealot x2  
  88  23:14  Zealot x5  
  84  23:30  Stalker x3  
  78  24:00  Stalker  
  78  24:02  Nexus  
  80  24:03  Stalker  
  82  24:16  Cybernetics Core  
Tags
 
Add a new tag
Caveats
  • Supply blocks, unpowered buildings, or Contaminate may cause inaccurate times.
  • Supply counts are checked every 10 seconds.